 Dungeon Crawl Stone Soup version 0.30-a0-29-g142975f185 (webtiles) character file.

Game seed: 1781476350921321905

2 frimble the Gusty (level 1, 0/13 HPs)
             Began as a Demonspawn Air Elementalist on Aug 26, 2022.
             Slain by a goblin
             ... wielding a +0 club
              (2 damage)
             ... on level 1 of the Dungeon.
             The game lasted 00:00:19 (45 turns).

frimble the Gusty (Demonspawn Air Elementalist)       Turns: 45, Time: 00:00:19

Health: 0/13       AC:  2    Str:  8    XL:     1   Next: 33%
Magic:  2/3        EV: 12    Int: 16    God:
Gold:   0          SH:  0    Dex: 13    Spells: 3/4 levels left

rFire   . . .      SeeInvis .    (no weapon)
rCold   . . .      Faith    .    (no shield)
rNeg    . . .      Spirit   .    a - +0 robe
rPois   .          Reflect  .    (no helmet)
rElec   .          Harm     .    (no cloak)
rCorr   .          Rampage  .    (no gloves)
Will    .....                    (no boots)
Stlth   ++........               (no amulet)
HPRegen 0.04/turn                (no ring)
MPRegen 0.08/turn                (no ring)

@: no status effects
A: no striking features
a: no special abilities


You were on level 1 of the Dungeon.
You visited 1 branch of the dungeon, and saw 1 of its levels.

Inventory:

Armour
 a - a +0 robe (worn)
Potions
 b - a potion of magic


   Skills:
 + Level 1.8 Dodging
 + Level 1.8 Stealth
 + Level 2.0 Spellcasting
 + Level 1.0 Conjurations
 + Level 2.7 Air Magic


You had 3 spell levels left.
You knew the following spells:

 Your Spells              Type           Power      Damage    Failure   Level
a - Shock                 Conj/Air       28%        1d4       10%         1

Your spell library contained the following spells:

 Spells                   Type           Power      Damage    Failure   Level
 Static Discharge         Conj/Air       14%        3-4/arc   14%         2
 Swiftness                Air            10%        N/A       21%         3
 Airstrike                Air            5%         2d(1-17)  56%         4


Dungeon Overview and Level Annotations

Branches:
Dungeon (1/15)

Altars:


Message History

The zap hits the ball python.
The ball python is moderately wounded.
The zap hits the goblin.
You kill the goblin!
A goblin comes into view. It is wielding a +0 club.
You barely miss the ball python.
The ball python is moderately wounded.
The ball python barely misses you. The ball python grabs you.
The ball python constricts you. The ball python barely misses you.
The ball python constricts you.
You closely miss the ball python.
The ball python is moderately wounded.
The ball python bites you but does no damage.
The ball python constricts you.
The goblin shouts!
You hit the ball python.
You kill the ball python!
Unknown command.
Unknown command.
Unknown command.
Unknown command.
A goblin comes into view. It is wielding a +0 dagger.
The goblin shouts!
An endoplasm comes into view.
Found 10 gold pieces.
The endoplasm quivers.
The goblin attacks as you move away! The goblin misses you.
The goblin attacks as you move away! The goblin hits you but does no damage.
Aiming: Shock (safe; 10% risk of failure)
Press: ? - help, Q - select action Shift-Dir - straight line, f - goblin
Aim: a goblin, wielding a +0 club (60% to hit)
Okay, then.
The goblin attacks as you move away! The goblin hits you with a +0 club.
Found 14 gold pieces.
The endoplasm freezes you.
You are frozen.
The endoplasm attacks as you move away! The endoplasm hits you.
* * * LOW HITPOINT WARNING * * *
The goblin attacks as you move away! The goblin hits you with a +0 club.
You die...

#......#...#.......
#....###.8.###.....
#....#.......#.#..#
#....#.8.<.8.# # ##
#....#.......#
##.#.###.8.###
#.#.g.#...#
#.#..J##+##$..
#....g@.......
##############


You could see an endoplasm and 2 goblins.

Vanquished Creatures
  A hobgoblin (D:1)
  A ball python (D:1)
  A goblin (D:1)
3 creatures vanquished.

Notes
Turn   | Place    | Note
-------+----------+-------------------------------------------
     0 | D:1      | frimble the Demonspawn Air Elementalist began the quest for
                  | the Orb.
     0 | D:1      | Reached XP level 1. HP: 13/13 MP: 3/3
    45 | D:1      | Slain by a goblin

Illustrated notes

Levels and vault maps discovered:
D:1:      dpeg_arrival_simpleton_c, layout_rooms, basic_ecumenical_altar,
          serial_shops, nicolae_square_shop, minmay_tromino_mix6

Action                   || total
-------------------------++-------
Melee: Unarmed           ||     7
 Cast: Shock             ||     4
Armor: Robe              ||     2
Dodge: Dodged            ||     5

Table legend: (Time is in decaauts)
 A = Elapsed time spent in this place.
 B = Non-inter-level travel time spent in this place.
 C = Inter-level travel time spent in this place.
 D = Time resting spent in this place.
 E = Time spent auto-exploring this place.
 F = Levels seen in this place.
 G = Mean time per level.
                   A        B        C        D        E       F      G
               +--------+--------+--------+--------+--------+-----+--------+
         Total |     45 |     45 |      0 |      0 |      6 |   1 |   45.0 |
       Dungeon |     45 |     45 |      0 |      0 |      6 |   1 |   45.0 |
               +--------+--------+--------+--------+--------+-----+--------+

Top non-repeatable levels by time:
     D:1: 45 daAuts
